 Dungeon Crawl Stone Soup version 0.23-a0-175-g97aacdb306 (webtiles) character file.

848 Holzbalken the Basher (level 7, -3/50 HPs)
             Began as a Demonspawn Gladiator on Sept 16, 2018.
             Slain by a steam dragon (7 damage)
             ... on level 5 of the Dungeon.
             The game lasted 00:18:40 (5787 turns).

Holzbalken the Basher (Demonspawn Gladiator)        Turns: 5787, Time: 00:18:40

Health: -3/50      AC: 17    Str: 14    XL:     7   Next: 69%
Magic:  7/7        EV:  4    Int:  9    God:
Gold:   35         SH: 11    Dex: 15    Spells: 6/6 levels left

rFire    . . .     SeeInvis .   g - +1 morningstar
rCold    . . .     Gourm    .   n - -4 shield of the Duke {rElec rN+} (curse)
rNeg     + . .     Faith    .   o - +4 chain mail {rPois}
rPois    +         Spirit   .   c - +0 helmet
rElec    +         Reflect  .   l - +0 cloak {MR+}
rCorr    .         Harm     .   (no gloves)
MR       +....     Rnd*Tele +   p - +2 pair of boots
Stlth    ..........             (no amulet)
HPRegen  0.16/turn              a - -2 ring of strength (curse)
MPRegen  0.10/turn              j - ring of teleportation (curse)

@: very slightly contaminated, invisible
A: large bone plates 3, rot immunity
a: no special abilities


You were on level 5 of the Dungeon.
You were not hungry.

You visited 1 branch of the dungeon, and saw 5 of its levels.

You collected 282 gold pieces.
You spent 247 gold pieces at shops.

Inventory:

Hand Weapons
 g - a +1 morningstar (weapon)
Missiles
 d - 3 throwing nets (quivered)
 x - 5 poisoned tomahawks
Armour
 c - a +0 helmet (worn)
 l - a +0 cloak of magic resistance (worn)
 n - the cursed -4 shield of the Duke (worn) {rElec rN+}
   (You bought it in a shop on level 5 of the Dungeon)

   It insulates you from electricity.
   It protects you from negative energy.
   It has a curse placed upon it.
 o - a +4 chain mail of poison resistance (worn)
 p - a +2 pair of boots (worn)
 y - a +0 cloak
Jewellery
 a - a cursed -2 ring of strength (left hand)
 j - a cursed ring of teleportation (right hand)
Wands
 k - a wand of polymorph (13)
Scrolls
 h - 3 scrolls of identify
 q - a scroll of teleportation
Potions
 e - a potion of agility {unknown}
 i - a potion of haste
 u - 2 potions of lignification
Comestibles
 b - 2 chunks of flesh
 f - 9 rations


   Skills:
 - Level 2.0 Fighting
 + Level 8.5 Maces & Flails
 - Level 1.7 Throwing
 - Level 2.6 Dodging


You had 6 spell levels left.
You didn't know any spells.
Your spell library was empty.

Dungeon Overview and Level Annotations

Branches:
Dungeon (5/15)
 Temple: D:4-7

Altars:
Qazlal
The Shining One

Shops:
D:5 [


Innate Abilities, Weirdness & Mutations

You are completely covered in large bone plates. (SH +8)
You are immune to rotting.


Message History

The steam dragon bites you.
* * * LOW HITPOINT WARNING * * *
The steam dragon claws you but does no damage.
You are very lightly contaminated with residual magic.
The steam dragon breathes steam at something.
The fungus is engulfed in a cloud of scalding steam. x2
The steam dragon bites you.
* * * LOW HITPOINT WARNING * * *
The steam dragon claws you but does no damage.
You catch the helpless steam dragon completely off-guard!
You sock the steam dragon!
The steam dragon is moderately wounded.
The steam dragon bites you but does no damage.
The steam dragon barely misses you. The steam dragon breathes steam at you.
The ball of steam hits the steam dragon.
The steam dragon resists.
The ball of steam hits you!
* * * LOW HITPOINT WARNING * * *
The steam dragon bites you!
You die...

...(.......#≈.....^P##.##.##.#
.....##...|#......P≈#..##.<..####
...(.##.#.###^P..≈≈##............
#...###.#.####P≈..≈####..........
##### #.#....##P.P# #..###.#### #
#.####.##≈.≈# #......###. # #.#
#.##≈.D# ##......##.# #
#.####.##PD≈# ##.........## #
#......##≈@P# #.........#.# #
#####.)##.§≈###.........##. #
#..##≈§##..............
##..##..#............###
##########...##..#........###.∩..
.......[..(.##≈.P#......#.# ####.
##########..##P.^#..##.##.# #.
.......# #...#...#.###.##.# #.
######.# ##.##...### #.##.# #.


You could see 2 steam dragons.

Vanquished Creatures
  Duvessa (D:4)
  2 centaurs (D:5)
  Dowan (D:4)
  A crimson imp (D:5)
  A jelly (D:5)
  2 orc priests
  Crazy Yiuf (D:3)
  A hound (D:4)
  2 iguanas
  2 orc wizards
  3 worker ants
  Robin (D:4)
  3 gnolls (D:4)
  5 adders
  An adder skeleton (D:4)
  5 worms
  4 leopard geckos
  7 orcs
  3 bats
  3 giant cockroaches
  11 goblins
  7 hobgoblins
  8 jackals
  2 quokkas (D:2)
  3 frilled lizards
  A jackal skeleton (D:4)
  4 kobolds (D:1)
  A leopard gecko zombie (D:5)
  7 rats
  A fungus (D:1)
94 creatures vanquished.

Vanquished Creatures (others)
  A fungus (D:5)
1 creature vanquished.

Grand Total: 95 creatures vanquished

Notes
Turn   | Place    | Note
-------+----------+-------------------------------------------
     0 | D:1      | Holzbalken the Demonspawn Gladiator began the quest for the
                  | Orb.
     0 | D:1      | Reached XP level 1. HP: 16/16 MP: 1/1
   389 | D:1      | Reached skill level 3 in Maces & Flails
   788 | D:1      | Gained mutation: You are immune to rotting. [demonic
                  | ancestry]
   788 | D:1      | Reached XP level 2. HP: 16/22 MP: 2/2
  1540 | D:2      | Reached XP level 3. HP: 10/27 MP: 3/3
  1912 | D:2      | Reached skill level 4 in Maces & Flails
  2179 | D:2      | Found a glowing golden altar of the Shining One.
  2437 | D:2      | Gained mutation: You are partially covered in large bone
                  | plates. (SH +4) [demonic ancestry]
  2437 | D:2      | Reached XP level 4. HP: 31/33 MP: 4/4
  2832 | D:3      | Reached skill level 5 in Maces & Flails
  2851 | D:3      | Gained mutation: You are mostly covered in large bone
                  | plates. (SH +6) [demonic ancestry]
  2851 | D:3      | Reached XP level 5. HP: 34/38 MP: 5/5
  3398 | D:3      | Found a runed door.
  3402 | D:3      | Noticed Crazy Yiuf
  3409 | D:3      | Killed Crazy Yiuf
  3936 | D:4      | Reached skill level 6 in Maces & Flails
  4013 | D:4      | Noticed Dowan
  4200 | D:4      | Noticed Robin
  4207 | D:4      | Gained mutation: You are completely covered in large bone
                  | plates. (SH +8) [demonic ancestry]
  4207 | D:4      | Reached XP level 6. HP: 42/44 MP: 6/6
  4212 | D:4      | Killed Dowan
  4223 | D:4      | Killed Robin
  4267 | D:4      | Noticed Duvessa
  4283 | D:4      | Killed Duvessa
  4283 | D:4      | Reached skill level 7 in Maces & Flails
  4869 | D:4      | Reached XP level 7. HP: 50/50 MP: 7/7
  4974 | D:5      | Entered Level 5 of the Dungeon
  4979 | D:5      | Found Cidd's Antique Armour Shop.
  5029 | D:5      | Found a stormy altar of Qazlal.
  5060 | D:5      | Reached skill level 8 in Maces & Flails
  5162 | D:5      | Bought a faintly humming shield for 247 gold pieces
  5167 | D:5      | Identified the cursed -4 shield of the Duke {rElec rN+}
                  | (You bought it in a shop on level 5 of the Dungeon)
  5771 | D:5      | Noticed a steam dragon
  5772 | D:5      | Noticed a steam dragon
  5787 | D:5      | Slain by a steam dragon

Vault maps used:
D:1:      dpeg_arrival_signposts, minmay_gold_behind_fungi
D:2:      tso_metal_star
D:3:      first_ration, uniq_crazy_yiuf_cottage
D:4:      uniq_duvessa, uniq_robin
D:5:      kennysheep_steamy, serial_shops, shop, basic_altar,
          kennysheep_generic_room_3

Skill      XL: |  1  2  3  4  5  6  7 |
---------------+----------------------+-----
Maces & Flails | 3 4 5 6 7 8 |  8.5
Fighting       | |  2.0
Throwing       | |  1.7
Dodging        | |  2.6

Action                   |  1- 3 |  4- 6 |  7- 9 || total
-------------------------+-------+-------+-------++-------
Melee: Flail             |   165 |    51 |       ||   216
       Morningstar       |       |   122 |    97 ||   219
       Unarmed           |       |    20 |       ||    20
  Use: Potion            |       |     3 |     1 ||     4
       Scroll            |       |     8 |     2 ||    10
 Stab: Invisible         |       |       |     1 ||     1
  Eat: Chunk             |     5 |     8 |     3 ||    16
Armor: Leather armour    |    12 |       |       ||    12
       Scale mail        |    46 |    35 |       ||    81
       Chain mail        |       |    63 |    46 ||   109
       Skin              |       |     2 |       ||     2
Dodge: Dodged            |   112 |    84 |    16 ||   212
Block: Other             |       |    52 |    19 ||    71
       Shield            |       |       |    27 ||    27

Table legend:
 A = Non-vault XP
 B = Vault XP
 C = Vault XP percentage of total XP
 D = Non-vault monster count
 E = Vault monster count
 F = Vault count percentage of total count
                 A         B        C        D         E       F
            +---------+---------+-------+---------+---------+-------
      Total |     924 |     288 |  23.8 |      79 |      14 |  15.1
            +---------+---------+-------+---------+---------+-------
        D:1 |      12 |       0 |   0.0 |       8 |       0 |   0.0
        D:2 |      87 |       0 |   0.0 |      23 |       0 |   0.0
        D:3 |     121 |      40 |  24.8 |      19 |       1 |   5.0
        D:4 |     291 |     248 |  46.0 |      16 |      13 |  44.8
        D:5 |     413 |       0 |   0.0 |      13 |       0 |   0.0
            +---------+---------+-------+---------+---------+-------
